PUBAA
CHARLESTON CHEW @ BASS LAKE BASS
06/23/1967
 
TOP OF THE 1ST
Charleston Chew batting - Pitching for Bay Royals : RHP Dave Murphy
Pitching: RHP Dave Murphy
Batting: LHB Wesley Baker 0-0: Called Strike
0-1: Ball
1-1: Ball
2-1: Called Strike
2-2: Strikes out swinging
Batting: RHB Eric Carter 0-0: Called Strike
0-1: Foul Ball, location: 2F
0-2: Strikes out looking
Batting: LHB António Franco 0-0: Ball
1-0: Foul Ball, location: 2F
1-1: SINGLE (Flyball, 7LS, EV 85.0 MPH)
Batting: LHB Pedro González 0-0: Ball
1-0: Called Strike
1-1: Foul Ball, location: 2F
1-2: Ball
2-2: Ball
António Franco steals 2nd base (no throw)
3-2: SINGLE (Groundball, 56, EV 108.8 MPH) (infield hit)
António Franco to third
Batting: RHB Mike de la Hoz 0-0: Ball
1-0: Ball
2-0: Fly out, F8 (Flyball, 8LXD, EV 75.6 MPH)
Top of the 1st over - 0 runs, 2 hits, 0 errors, 2 left on base; Charleston 0 - Bay 0
BOTTOM OF THE 1ST
Bay Royals batting - Pitching for Charleston Chew : RHP Zack Swanston
Pitching: RHP Zack Swanston
Batting: LHB Edgardo Carrillo 0-0: Ball
1-0: Foul Ball, location: 2F
1-1: Ground out 5-3 (Groundball, 56S, EV 70.0 MPH)
Batting: LHB Ralph Walls 0-0: Ball
1-0: SOLO HOME RUN (Flyball, 89XD, EV 106.3 MPH), Distance : 360 ft
Batting: RHB Dave East 0-0: Ball
1-0: Ground out 4-3 (Groundball, 4, EV 86.3 MPH)
Batting: SHB Roberto Cerda 0-0: Fly out, F8 (Line Drive, 8RM, EV 85.6 MPH)
Bottom of the 1st over - 1 run, 1 hit, 0 errors, 0 left on base; Charleston 0 - Bay 1
TOP OF THE 2ND
Charleston Chew batting - Pitching for Bay Royals : RHP Dave Murphy
Batting: LHB Héctor Cedeño 0-0: Called Strike
0-1: Ball
1-1: Ball
2-1: Ball
3-1: Base on Balls
Batting: RHB Jim Weaver 0-0: Called Strike
0-1: Called Strike
0-2: Ball
1-2: Ball
2-2: Ground out 3-1 (Groundball, 3L, EV 88.1 MPH)
Héctor Cedeño to second
Batting: RHB Greyson Holmes 0-0: Swinging Strike
0-1: Ball
1-1: Swinging Strike
1-2: Ball
2-2: Ball
3-2: Strikes out swinging
Batting: RHB Avery Gates 0-0: Ball
1-0: Ball
2-0: Called Strike
2-1: Ball
3-1: Called Strike
3-2: Fly out, F5 (Popup, 5F, EV 80.0 MPH)
Top of the 2nd over - 0 runs, 0 hits, 0 errors, 1 left on base; Charleston 0 - Bay 1
BOTTOM OF THE 2ND
Bay Royals batting - Pitching for Charleston Chew : RHP Zack Swanston
Batting: RHB Joseph Hanson 0-0: Ball
1-0: Foul Ball, location: 2F
1-1: Ball
2-1: Ball
3-1: Swinging Strike
3-2: Base on Balls
Batting: RHB Will Brown 0-0: Foul Ball, location: 2F
0-1: Ball
1-1: Foul Ball, location: 2F
1-2: Ball
2-2: Strikes out swinging
Batting: RHB César Gonzáles 0-0: Ball
1-0: Ball
2-0: DOUBLE (Flyball, 89D, EV 88.1 MPH)
Joseph Hanson to third
Runner from 3rd tries for Home, throw by RF and OUT! 9-4-2
César Gonzáles to third
Batting: RHB Kostandin Prifti 0-0: Called Strike
0-1: Ball
1-1: Fly out, F8 (Flyball, 8LM, EV 90.0 MPH)
Bottom of the 2nd over - 0 runs, 1 hit, 0 errors, 1 left on base; Charleston 0 - Bay 1
TOP OF THE 3RD
Charleston Chew batting - Pitching for Bay Royals : RHP Dave Murphy
Batting: LHB Wesley Baker 0-0: Ball
1-0: Fly out, F8 (Flyball, 8LD, EV 83.1 MPH)
Batting: RHB Eric Carter 0-0: Called Strike
0-1: Ground out 3-1 (Groundball, 34S, EV 73.1 MPH)
Batting: LHB António Franco 0-0: Foul Ball, location: 2F
0-1: Ball
1-1: Ball
2-1: Fly out, F7 (Flyball, 7LS, EV 86.3 MPH)
Top of the 3rd over - 0 runs, 0 hits, 0 errors, 0 left on base; Charleston 0 - Bay 1
BOTTOM OF THE 3RD
Bay Royals batting - Pitching for Charleston Chew : RHP Zack Swanston
Batting: RHB Nicholas Pate 0-0: Foul Ball, location: 2F
0-1: Foul Ball, location: 2F
0-2: Ball
1-2: Foul Ball, location: 2F
1-2: Ball
2-2: Ground out 5-3 (Groundball, 56, EV 99.4 MPH)
Batting: LHB Edgardo Carrillo 0-0: Ball
1-0: Called Strike
1-1: SINGLE (Flyball, 8LS, EV 96.9 MPH)
Batting: LHB Ralph Walls 0-0: Ball
Edgardo Carrillo steals 2nd base
1-0: Ball
2-0: Called Strike
2-1: Ball
3-1: Foul Ball, location: 2F
3-2: Foul Ball, location: 2F
3-2: Base on Balls
Batting: RHB Dave East 0-0: Foul Ball, location: 2F
0-1: Called Strike
0-2: Strikes out swinging
Batting: SHB Roberto Cerda 0-0: Called Strike
Ralph Walls steals 2nd base
Edgardo Carrillo steals 3rd base
0-1: Ball
1-1: Ball
2-1: Foul Ball, location: 2F
2-2: Ball
3-2: Ground out 5-3 (Groundball, 5, EV 101.3 MPH)
Bottom of the 3rd over - 0 runs, 1 hit, 0 errors, 2 left on base; Charleston 0 - Bay 1
TOP OF THE 4TH
Charleston Chew batting - Pitching for Bay Royals : RHP Dave Murphy
Batting: LHB Pedro González 0-0: Ball
1-0: Ball
2-0: Ball
3-0: Base on Balls
Batting: RHB Mike de la Hoz 0-0: Called Strike
0-1: Ball
1-1: Ball
2-1: Called Strike
2-2: Foul Ball, location: 2F
2-2: Ball
3-2: SINGLE (Groundball, 5D, EV 95.6 MPH)
Pedro González to second
Runner from 2nd tries for 3rd, SAFE, throw by LF made to third
Batting: LHB Héctor Cedeño 0-0: Called Strike
0-1: Ball
1-1: Foul Ball, location: 2F
1-2: Foul Ball, location: 2F
1-2: Ball
2-2: Ball
3-2: Strikes out looking
Batting: RHB Jim Weaver 0-0: SINGLE (Groundball, 34D, EV 103.1 MPH)
Pedro González scores
Mike de la Hoz to second
Runner from 2nd tries for 3rd, OUT! 9-5
Batting: RHB Greyson Holmes 0-0: Fly out, F6 (Line Drive, 6, EV 68.1 MPH)
Top of the 4th over - 1 run, 2 hits, 0 errors, 1 left on base; Charleston 1 - Bay 1
BOTTOM OF THE 4TH
Bay Royals batting - Pitching for Charleston Chew : RHP Zack Swanston
Batting: RHB Joseph Hanson 0-0: Swinging Strike
0-1: Ball
1-1: Foul Ball, location: 2F
1-2: Strikes out swinging
Batting: RHB Will Brown 0-0: Ball
1-0: Foul Ball, location: 2F
1-1: Fly out, F9 (Flyball, 9D, EV 102.5 MPH)
Batting: RHB César Gonzáles 0-0: Fly out, F6 (Popup, 15S, EV 87.5 MPH)
Bottom of the 4th over - 0 runs, 0 hits, 0 errors, 0 left on base; Charleston 1 - Bay 1
TOP OF THE 5TH
Charleston Chew batting - Pitching for Bay Royals : RHP Dave Murphy
Batting: RHB Avery Gates 0-0: Ball
1-0: Called Strike
1-1: Called Strike
1-2: Ball
2-2: Strikes out swinging
Batting: LHB Wesley Baker 0-0: Foul Ball, location: 2F
0-1: Ball
1-1: Ball
2-1: Ball
3-1: Called Strike
3-2: Base on Balls
Batting: RHB Eric Carter 0-0: SINGLE (Groundball, 56D, EV 104.4 MPH)
Wesley Baker to second
Batting: LHB António Franco 0-0: Ball
1-0: Ball
2-0: Fielders Choice at 2nd, 4-6 (Groundball, 4, EV 104.4 MPH)
Wesley Baker to third
Pitching: RHP Miguel Angel Sánchez
Batting: LHB Pedro González 0-0: SINGLE (Groundball, 4MD, EV 101.9 MPH)
Wesley Baker scores
António Franco to second
Runner from 2nd tries for 3rd, SAFE, throw by CF made to third
Batting: RHB Mike de la Hoz 0-0: Foul Ball, location: 2F
0-1: Ball
1-1: Swinging Strike
1-2: Foul Ball, location: 2F
1-2: Ball
2-2: Strikes out swinging
Top of the 5th over - 1 run, 2 hits, 0 errors, 2 left on base; Charleston 2 - Bay 1
BOTTOM OF THE 5TH
Bay Royals batting - Pitching for Charleston Chew : RHP Zack Swanston
Batting: RHB Kostandin Prifti 0-0: Ball
1-0: Fly out, F8 (Flyball, 8RM, EV 88.8 MPH)
Batting: RHB Nicholas Pate 0-0: Swinging Strike
0-1: SOLO HOME RUN (Flyball, 7D, EV 98.1 MPH), Distance : 371 ft
Batting: LHB Edgardo Carrillo 0-0: Swinging Strike
0-1: Called Strike
0-2: Hit by Pitch, AND HE CHARGES THE MOUND! The benches clear!
Pitching: LHP Whitey Ford
Pinch Runner at 1st Ian Johnson:
Batting: LHB Ralph Walls 0-0: Called Strike
0-1: Fly out, F8 (Flyball, 8LD, EV 98.8 MPH)
Batting: RHB Dave East 0-0: Ball
1-0: Reaches on Catchers interference
Ian Johnson to second
Batting: SHB Roberto Cerda 0-0: Foul Ball, location: 2F
0-1: Called Strike
0-2: Foul Ball, location: 2F
0-2: Foul Ball, location: 2F
0-2: Strikes out swinging
Bottom of the 5th over - 1 run, 1 hit, 1 error, 2 left on base; Charleston 2 - Bay 2
TOP OF THE 6TH
Charleston Chew batting - Pitching for Bay Royals : RHP Miguel Angel Sánchez
Now in CF: Luis Ortíz
Batting: LHB Héctor Cedeño 0-0: Called Strike
0-1: SOLO HOME RUN (Flyball, 7LD, EV 96.9 MPH), Distance : 379 ft
Batting: RHB Jim Weaver 0-0: Called Strike
0-1: Ball
1-1: Foul Ball, location: 2F
1-2: Ball
2-2: Ball
3-2: Base on Balls
Batting: RHB Greyson Holmes 0-0: Ball
Jim Weaver steals 2nd base (no throw)
1-0: Intentional Walk
Batting: RHB Avery Gates 0-0: Ball
1-0: Called Strike
1-1: Ball
2-1: Foul Ball, location: 2F
2-2: Ball
3-2: Base on Balls
Jim Weaver to third
Greyson Holmes to second
Batting: LHB Wesley Baker 0-0: Ball
1-0: Ball
2-0: Ball
3-0: Base on Balls
Jim Weaver scores
Greyson Holmes to third
Avery Gates to second
Batting: RHB Eric Carter 0-0: Called Strike
0-1: Ball
1-1: SINGLE (Groundball, 34, EV 95.0 MPH)
Greyson Holmes scores
Avery Gates to third
Wesley Baker to second
Runner from 3rd tries for Home, throw by RF and OUT! 9-2
Pitching: RHP Morton George
Batting: LHB António Franco 0-0: Grounds into double play, 4-6-3 (Groundball, 4, EV 80.0 MPH)
Top of the 6th over - 3 runs, 2 hits, 0 errors, 1 left on base; Charleston 5 - Bay 2
BOTTOM OF THE 6TH
Bay Royals batting - Pitching for Charleston Chew : LHP Whitey Ford
Batting: RHB Joseph Hanson 0-0: Fly out, F8 (Line Drive, 8LM, EV 88.1 MPH)
Batting: RHB Will Brown 0-0: Called Strike
0-1: Swinging Strike
0-2: Ground out 6-3 (Groundball, 6M, EV 88.8 MPH)
Batting: RHB César Gonzáles 0-0: Ball
1-0: Foul Ball, location: 2F
1-1: Hit by Pitch
Batting: RHB Kostandin Prifti 0-0: Called Strike
0-1: Foul Ball, location: 2F
0-2: Foul Ball, location: 2F
0-2: Strikes out swinging
Bottom of the 6th over - 0 runs, 0 hits, 0 errors, 1 left on base; Charleston 5 - Bay 2
TOP OF THE 7TH
Charleston Chew batting - Pitching for Bay Royals : RHP Morton George
Batting: LHB Pedro González 0-0: Swinging Strike
0-1: Ball
1-1: Ball
2-1: Ball
3-1: Foul Ball, location: 2F
3-2: Base on Balls
Batting: RHB Mike de la Hoz 0-0: Ball
1-0: Swinging Strike
1-1: Ball
Passed Ball!
Pedro González to second
2-1: Foul Ball, location: 2F
2-2: Foul Ball, location: 2F
2-2: Ball
3-2: Fly out, F9 (Flyball, 9, EV 92.5 MPH)
Batting: LHB Héctor Cedeño 0-0: Intentional Walk
Batting: RHB Jim Weaver 0-0: Ball
1-0: Foul Ball, location: 2F
1-1: Ball
2-1: Fly out, F8 (Flyball, 8LXD, EV 101.3 MPH)
Runner from 2nd tags up, SAFE at 3rd, no throw by CF
Batting: RHB Greyson Holmes 0-0: Swinging Strike
0-1: Ball
1-1: Ball
2-1: Ball
3-1: 3-RUN HOME RUN (Flyball, 7D, EV 94.4 MPH), Distance : 375 ft
Batting: RHB Avery Gates 0-0: Ball
1-0: Foul Ball, location: 2F
1-1: Foul Ball, location: 2F
1-2: Strikes out swinging
Top of the 7th over - 3 runs, 1 hit, 0 errors, 0 left on base; Charleston 8 - Bay 2
BOTTOM OF THE 7TH
Bay Royals batting - Pitching for Charleston Chew : LHP Whitey Ford
Batting: RHB Nicholas Pate 0-0: Ball
1-0: Ball
2-0: Ball
3-0: Called Strike
3-1: Called Strike
3-2: Base on Balls
Batting: LHB Luis Ortíz 0-0: Ball
Nicholas Pate is caught stealing 2nd base 2-6
1-0: Called Strike
1-1: Ball
2-1: Foul Ball, location: 2F
2-2: Ball
3-2: Strikes out swinging
Batting: LHB Ralph Walls 0-0: Called Strike
0-1: Called Strike
0-2: Ball
1-2: Foul Ball, location: 2F
1-2: Ball
2-2: SINGLE (Groundball, 4, EV 100.0 MPH) (infield hit)
Batting: RHB Dave East 0-0: Swinging Strike
0-1: Ball
1-1: Ball
2-1: Ball
3-1: SINGLE (Groundball, 4D, EV 103.8 MPH)
Ralph Walls to second
Runner from 2nd tries for 3rd, SAFE, throw by CF made to third
Batting: SHB Roberto Cerda 0-0: Fly out, F8 (Flyball, 89M, EV 92.5 MPH)
Bottom of the 7th over - 0 runs, 2 hits, 0 errors, 2 left on base; Charleston 8 - Bay 2
TOP OF THE 8TH
Charleston Chew batting - Pitching for Bay Royals : RHP Morton George
Batting: LHB Wesley Baker 0-0: Called Strike
0-1: Swinging Strike
0-2: Strikes out swinging
Batting: RHB Eric Carter 0-0: Fly out, F3 (Line Drive, 3, EV 73.1 MPH)
Batting: LHB António Franco 0-0: Called Strike
0-1: Ball
1-1: Foul Ball, location: 2F
1-2: Strikes out swinging
Top of the 8th over - 0 runs, 0 hits, 0 errors, 0 left on base; Charleston 8 - Bay 2
BOTTOM OF THE 8TH
Bay Royals batting - Pitching for Charleston Chew : LHP Whitey Ford
Pitching: RHP Dan Osinski
Batting: RHB Joseph Hanson 0-0: Ground out 5-3 (Groundball, 56S, EV 85.6 MPH)
Batting: RHB Will Brown 0-0: SINGLE (Groundball, 25, EV 73.1 MPH) (infield hit)
Batting: RHB César Gonzáles 0-0: Foul Ball, location: 2F
0-1: Grounds into double play, 5-4-3 (Groundball, 5S, EV 83.8 MPH)
Bottom of the 8th over - 0 runs, 1 hit, 0 errors, 0 left on base; Charleston 8 - Bay 2
TOP OF THE 9TH
Charleston Chew batting - Pitching for Bay Royals : RHP Morton George
Batting: LHB Pedro González 0-0: Ball
1-0: Ball
2-0: Swinging Strike
2-1: Foul Ball, location: 2F
2-2: Foul Ball, location: 2F
2-2: Foul Ball, location: 7LSF, Error on foul ball, E7
2-2: Strikes out swinging, 2-3 out at first.
Batting: RHB Mike de la Hoz 0-0: Called Strike
0-1: Foul Ball, location: 2F
0-2: Ball
1-2: Strikes out looking
Batting: LHB Héctor Cedeño 0-0: Fly out, F5 (Popup, 5S, EV 83.8 MPH)
Top of the 9th over - 0 runs, 0 hits, 1 error, 0 left on base; Charleston 8 - Bay 2
BOTTOM OF THE 9TH
Bay Royals batting - Pitching for Charleston Chew : RHP Dan Osinski
Batting: RHB Kostandin Prifti 0-0: Ball
1-0: Called Strike
1-1: Foul Ball, location: 2F
1-2: Strikes out swinging
Batting: RHB Nicholas Pate 0-0: Called Strike
0-1: Fly out, F8 (Flyball, 8RD, EV 68.8 MPH)
Batting: LHB Luis Ortíz 0-0: Ball
1-0: SINGLE (Groundball, 4MD, EV 108.1 MPH)
Batting: LHB Ralph Walls 0-0: Ball
1-0: Ball
2-0: Ball
3-0: Called Strike
3-1: Foul Ball, location: 2F
3-2: Strikes out swinging
Bottom of the 9th over - 0 runs, 1 hit, 0 errors, 1 left on base; Charleston 8 - Bay 2
Tuesday, March 29th , 2022 - OOTP Baseball 22.11 Build 82